Cogmind - Beta 10.2 @@@ ROGUE MODE // 2021.06.13 @ 17:56:48 Player: Nalzok Result: Destroyed by Y-54 Guardian with Gatling Laser Performance ------------- Evolutions (4) 2000 Regions Visited (11) 2200 Robots Destroyed (81) 405 Value Destroyed (3564) 3564 Prototype IDs (32) 640 Alien Tech Used (0) 0 Bonus (2374) 2374 TOTAL SCORE: 11183 Bonus ------- High Alert Combat Kills 330 Follower Combat Kills 344 Entered Garrisons 400 Used RIF Installer 1000 Aligned with FarCom 300 Cogmind --------- Core Integrity 0/850 Matter 152/300 Energy 83/100 System Corruption 4% Temperature Cool (12) Movement Walking (120) Location -6/Factory Parts ------- > --- POWER (2) -------- (None) > --- PROPULSION (4) --- Carbon-fiber Leg > --- UTILITY (7) ------ Lightpack 2.0 Relay Coupler [Grunt] (1) Relay Coupler [Duelist] (14) Relay Coupler [Sentry] (1) Relay Coupler [Specialist] (22) > --- WEAPON (2) ------- (None) > --- INVENTORY (24) --- Angular Momentum Engine Carbon-fiber Leg Advanced Heat Sink High-capacity Storage Unit Advanced ECM Suite Medium Reactive Plating Relay Coupler [Behemoth] (10) Drone Bay (2/2) Improved Spread Laser Heavy Flak Cannon Heavy Missile Launcher Remote Datajack Peak State ------------ > --- POWER ------------ Light Antimatter Reactor Light Antimatter Reactor > --- PROPULSION ------- Carbon-fiber Leg Carbon-fiber Leg Carbon-fiber Leg Carbon-fiber Leg > --- UTILITY ---------- Advanced Heat Sink High-capacity Storage Unit High-capacity Storage Unit Cloaking Device Medium Reactive Plating Improved System Shield Relay Coupler [Duelist] > --- WEAPON ----------- Flak Gun Heavy Machine Gun > --- INVENTORY -------- Angular Momentum Engine Light Fission Core Light Fission Core Advanced Heat Sink Lightpack 2.0 Improved Transmission Jammer Advanced ECM Suite Relay Coupler [NC] Relay Coupler [Swarmer] Relay Coupler [Grunt] Relay Coupler [Duelist] Relay Coupler [Specialist] Relay Coupler [Hunter] Relay Coupler [Hunter] Relay Coupler [Behemoth] Improved Spread Laser Heavy Machine Gun Heavy Flak Cannon Powered Hammer [Rating: 69] Favorites ----------- Power Light Antimatter Reactor Engine Light Deuterium Engine Power Core Light Nuclear Core Reactor Light Antimatter Reactor Propulsion Armored Huge Wheel Leg Carbon-fiber Leg Wheel Armored Huge Wheel Utility High-capacity Storage Unit Device Advanced Terrain Scanner Storage High-capacity Storage Unit Processor Terrain Scan Processor Hackware Improved System Shield Protection Medium Reactive Plating Weapon Light Assault Rifle Energy Gun Gatling Laser Energy Cannon Heavy Particle Cannon Ballistic Gun Light Assault Rifle Ballistic Cannon Advanced Assault Cannon Launcher Heavy Rocket Launcher Special Weapon Remote Datajack Impact Weapon Powered Hammer Slashing Weapon Chainsword Special Melee Weapon Improved Datajack Build | -11 -10 -10 -10 -9 -8 -8 -8 -7 -6 -6 -6 ------- Run | Scr Mat Min Exi Min Mat Sto Gar Fac Fac Gar Fac Slots Evolved 8 | . . . . . 4 . . 2 2 . . Power 1 | . . . . . . . . . 1 . . Propulsion 2 | . . . . . 2 . . . . . . Utility 5 | . . . . . 2 . . 2 1 . . Weapon . | . . . . . . . . . . . . Parts Attached 135 | . 4 8 1 5 17 . 15 7 13 30 35 Power 18 | . 1 2 . 1 1 . 2 . 2 6 3 Engine 9 | . 1 2 . . 1 . 1 . . 2 2 Core 7 | . . . . 1 . . 1 . 2 2 1 Reactor 2 | . . . . . . . . . . 2 . Propulsion 22 | . . 2 . 2 5 . . 2 . 6 5 Treads . | . . . . . . . . . . . . Leg 16 | . . 2 . 2 3 . . . . 4 5 Wheel 6 | . . . . . 2 . . 2 . 2 . Hover . | . . . . . . . . . . . . Flight . | . . . . . . . . . . . . Utility 35 | . 2 . 1 . 6 . 1 2 4 7 12 Device 9 | . . . . . 2 . . 1 1 3 2 Storage 4 | . 1 . 1 . . . 1 . . . 1 Processor 5 | . 1 . . . 3 . . . . . 1 Hackware 16 | . . . . . 1 . . 1 3 4 7 Protection 1 | . . . . . . . . . . . 1 Artifact . | . . . . . . . . . . . . Weapon 60 | . 1 4 . 2 5 . 12 3 7 11 15 Energy Gun 9 | . . . . . 1 . 4 . 1 3 . Energy Cannon 1 | . . . . . 1 . . . . . . Ballistic Gun 19 | . 1 4 . 2 1 . 2 . 2 4 3 Ballistic Cannon 9 | . . . . . 1 . 2 1 . 1 4 Launcher 7 | . . . . . . . 4 . 1 1 1 Special Weapon 5 | . . . . . . . . . . . 5 Impact Weapon 3 | . . . . . . . . . 1 1 1 Slashing Weapon 4 | . . . . . 1 . . 2 . . 1 Piercing Weapon . | . . . . . . . . . . . . Special Melee Weapon 3 | . . . . . . . . . 2 1 . Unidentified Prototypes 1 | . . . . . . . . . 1 . . Parts Lost 26 | . . . . . . . 2 . . 14 10 Power 7 | . . . . . . . . . . 4 3 Propulsion 9 | . . . . . . . . . . 3 6 Utility 2 | . . . . . . . . . . 1 1 Weapon 8 | . . . . . . . 2 . . 6 . Highest Loss Streak 7 | . . . . . . . 1 . . 7 6 Average Slot Usage (%) 89 | . 94 100 100 100 85 81 80 83 85 83 96 Engine 5 | . 14 14 14 4 3 9 2 7 6 3 2 Core 2 | . . . . 9 5 . 6 . 6 1 . Reactor 2 | . . . . . . . . . . 3 9 Leg 13 | . 28 28 28 28 13 . . . . 8 23 Wheel 6 | . . . . . 9 18 18 14 13 6 . Device 5 | . . . . . 8 9 5 7 6 7 8 Storage 13 | . 14 14 14 14 9 9 12 15 13 13 12 Processor 9 | . 8 14 14 14 17 18 18 15 8 4 1 Hackware 10 | . . . . . . . . 6 17 19 20 Energy Gun 1 | . . . . . 4 9 4 1 . 1 . Ballistic Gun 9 | . 28 28 28 28 8 . 3 . 1 6 5 Ballistic Cannon 2 | . . . . . 2 . 8 6 1 . 3 Special Melee Weapon 1 | . . . . . . . . . 5 2 . Naked Turns . | . . . . . . . . . . . . Heaviest Build 120 | 11 21 21 37 40 51 45 79 80 92 99 120 Greatest Support 75 | 20 20 20 20 30 64 56 56 56 56 60 75 Greatest Overweight (x) 29 | . 1 1 1 1 1 . 1 1 1 6 29 Average Overweight (x) . | . . 1 1 1 . . . 1 1 1 1 Largest Inventory Capacity 32 | 6 10 10 12 12 12 12 20 20 20 20 32 Average Capacity 16 | 6 7 10 10 12 12 12 15 20 20 20 20 Most Carried 20 | 5 8 10 12 12 12 12 20 20 20 20 20 Average Carried 16 | 4 6 9 10 11 11 12 14 19 19 19 19 Final Capacity 24 | 6 10 10 12 12 12 12 20 20 20 20 24 Final Carried 20 | 2 8 10 12 12 12 12 20 20 20 18 12 Class Distribution -------------------- 33% | Scavenger-Mutant 17% | Bothacker-Assassin 13% | Bothacker-Mutant 9% | Hauler-Mutant 8% | Mutant 6% | Skirmisher 5% | Hauler-Assassin Dominant Class ---------------- Mutant | -10/Materials Scavenger-Mutant | -10/Mines Scavenger-Mutant | -10/Exiles Scavenger-Mutant | -9/Mines Skirmisher | -8/Materials Assassin | -8/Storage Skirmisher | -8/Garrison Hauler-Assassin | -7/Factory Bothacker-Assassin | -6/Factory Scavenger-Mutant | -6/Garrison Bothacker-Mutant | -6/Factory Resources | -11 -10 -10 -10 -9 -8 -8 -8 -7 -6 -6 -6 ----------- Run | Scr Mat Min Exi Min Mat Sto Gar Fac Fac Gar Fac Matter Collected 2523 | 200 71 135 . 60 44 55 467 33 117 645 696 Remotely . | . . . . . . . . . . . . Salvage Created 2517 | . 91 111 . . 28 . 498 33 177 678 901 Parts 149 | . 11 17 . . 1 . 30 . 15 22 53 Haulers Intercepted 2 | . . . . . . . . . 1 . 1 Recyclers Shooed 6 | . . . . . . . . . . . 6 Parts Field Recycled . | . . . . . . . . . . . . Retrieved Matter . | . . . . . . . . . . . . Parts Self-Destructed . | . . . . . . . . . . . . Prevented . | . . . . . . . . . . . . Kills | -11 -10 -10 -10 -9 -8 -8 -8 -7 -6 -6 -6 ------- Run | Scr Mat Min Exi Min Mat Sto Gar Fac Fac Gar Fac Combat Hostiles Destroyed 64 | . 5 7 . . . . 20 . 5 15 12 Guns 32 | . 5 7 . . . . 4 . 2 8 6 Cannons 11 | . . . . . . . 5 . . 4 2 AOE 20 | . . . . . . . 11 . 3 2 4 Classes Destroyed 15 | . 1 1 . . 1 . 3 1 4 1 3 Worker 4 | . . . . . 1 . . . 1 . 2 Builder 6 | . . . . . . . . . . . 6 Tunneler 1 | . . . . . . . . . 1 . . Hauler 2 | . . . . . . . . . 1 . 1 Recycler 2 | . . . . . . . . . . . 2 Mechanic 1 | . . . . . . . . 1 . . . Watcher 1 | . . . . . . . . . 1 . . Swarmer 23 | . 5 6 . . . . 3 . 4 3 2 Grunt 29 | . . 1 . . . . 14 . . 8 6 Brawler 1 | . . . . . . . 1 . . . . Protector 1 | . . . . . . . 1 . . . . Sentry 4 | . . . . . . . . . . 4 . Demolisher 1 | . . . . . . . 1 . . . . Hunter 1 | . . . . . . . . . . . 1 Programmer 4 | . . . . . . . . . 1 . 3 Best Kill Streak 9 | . 3 3 . . 1 . 3 1 5 4 9 Combat Bots Only 4 | . 3 3 . . . . 3 . 4 4 4 Max Kills in Single Turn 5 | . 1 2 . . 1 . 3 1 5 2 3 Gunslinging 1 | . . 1 . . . . . . . . . Exploded 3 | . . . . . . . 3 . 2 2 1 Melee . | . . . . . . . . . . . . Uniques/NPCs Destroyed . | . . . . . . . . . . . . Combat | -11 -10 -10 -10 -9 -8 -8 -8 -7 -6 -6 -6 -------- Run | Scr Mat Min Exi Min Mat Sto Gar Fac Fac Gar Fac Damage Taken 6327 | . 323 261 . 23 32 41 589 . 217 2801 2040 Core 1120 | . 63 53 . . . 27 120 . 56 446 355 Absorbed by Shields 71 | . . . . . . . 8 . . 63 . Core Remaining (%) 81 | 100 . . . 53 . . 73 100 . . . Volleys Fired 207 | . 21 22 . . 2 . 36 . 5 53 68 Largest 2 | . 2 2 . . 2 . 2 . 2 2 2 Hottest 155 | . 40 40 . . 80 . 128 . 69 155 78 Shots Fired 329 | . 42 44 . . 3 . 59 . 10 85 86 Gun 204 | . 42 44 . . 3 . 27 . 7 57 24 Cannon 86 | . . . . . . . 23 . . 27 36 Launcher 17 | . . . . . . . 9 . 3 1 4 Special 22 | . . . . . . . . . . . 22 Kinetic 231 | . 42 44 . . 2 . 27 . 7 49 60 Thermal 59 | . . . . . 1 . 23 . . 35 . Explosive 17 | . . . . . . . 9 . 3 1 4 Electromagnetic . | . . . . . . . . . . . . Robot Hit Streak 11 | . 6 7 . . 2 . 8 . 2 8 11 Robot Miss Streak 7 | . 4 4 . . 2 . 2 . 4 3 7 Penetration Max 1 | . . . . . . . . . . 1 . Secondary Targets 9 | . . 3 . . . . . . . 6 . Max Gunslinging Chain 1 | . . 1 . . . . . . . 1 . Shots Hit Robots 207 | . 21 25 . . 3 . 40 4 5 55 54 Core Hits 161 | . 7 13 . . . . 37 1 10 39 54 Critical Hits 1 | . . . . . . . 1 . . . . Critical Kills 1 | . . . . . . . 1 . . . . Critical Parts Destroyed . | . . . . . . . . . . . . Melee Attacks 44 | . . . . . 1 6 1 11 5 13 7 Impact 12 | . . . . . . . . . 3 3 6 Slashing 20 | . . . . . 1 6 1 11 . . 1 Piercing . | . . . . . . . . . . . . Sneak Attacks 3 | . . . . . 1 . . 2 . . . Combat Hostiles . | . . . . . . . . . . . . Follow-up Attacks . | . . . . . . . . . . . . Damage Inflicted 7362 | . 166 194 . . 154 . 1719 304 1090 1408 2327 Guns 2003 | . 166 194 . . 34 . 320 . 95 757 437 Cannons 1382 | . . . . . . . 320 . . 473 589 Explosions 3516 | . . . . . . . 1042 . 995 178 1301 Melee 461 | . . . . . 120 . 37 304 . . . Ramming . | . . . . . . . . . . . . Kinetic 2601 | . 166 194 . . 12 . 345 . 95 763 1026 Thermal 2052 | . . . . . 22 . 295 . 814 467 454 Explosive 2248 | . . . . . . . 1042 . 181 178 847 Electromagnetic . | . . . . . . . . . . . . Impact . | . . . . . . . . . . . . Slashing 461 | . . . . . 120 . 37 304 . . . Piercing . | . . . . . . . . . . . . Highest Corruption 4 | . 1 1 1 2 . 2 2 . . . 4 Average Corruption 2 | . 1 1 1 1 . 2 2 . . . 2 Corruption Purged . | . . . . . . . . . . . . Effects 44 | . . 2 2 1 . 1 11 . . . 27 Message Errors 8 | . . 1 1 . . . 2 . . . 4 Matter Fused 6 | . . . . . . . . . . . 6 Heat Flow Errors 4 | . . . . . . . 1 . . . 3 Energy Discharges 6 | . . 1 . 1 . . 2 . . . 2 Data Loss (minor) 11 | . . . 1 . . 1 3 . . . 6 Targeting Errors 9 | . . . . . . . 3 . . . 6 Overload Shots . | . . . . . . . . . . . . Overflow Damage 562 | . . . . . 95 . 2 165 68 7 225 Projectiles 9 | . . . . . . . 2 . . 7 . Explosions 293 | . . . . . . . . . 68 . 225 Melee 260 | . . . . . 95 . . 165 . . . Knockbacks 12 | . . . . . . . 1 . . 1 10 Impact . | . . . . . . . . . . . . Kinetic 12 | . . . . . . . 1 . . 1 10 Secondary . | . . . . . . . . . . . . Self-Inflicted Damage 65 | . . . . . . . . . 56 . 9 Shots 2 | . . . . . . . . . 1 . 1 Rammed . | . . . . . . . . . . . . Targets Rammed . | . . . . . . . . . . . . Kicked . | . . . . . . . . . . . . Crushed . | . . . . . . . . . . . . Highest Temperature 302 | . . 18 . . 30 . 302 . . 169 231 Average Temperature 84 | . . 9 . . 17 . 96 . . 76 91 Received Heat Transfer 1802 | . . 69 . . 9 18 264 . . 854 588 Effects 1 | . . . . . . . 1 . . . . Interference 1 | . . . . . . . 1 . . . . Siege Activations . | . . . . . . . . . . . . Robots Corrupted . | . . . . . . . . . . . . Combat Hostiles . | . . . . . . . . . . . . Parts Fried . | . . . . . . . . . . . . Impact Corruptions . | . . . . . . . . . . . . Robots Melted 1 | . . . . . . . . . . 1 . Combat Hostiles 1 | . . . . . . . . . . 1 . Parts Melted 7 | . . . . . . . 1 . . 5 1 Heat Transferred 2624 | . . . . . 50 . 675 . 550 1049 300 Parts Sabotaged . | . . . . . . . . . . . . Parts Stolen . | . . . . . . . . . . . . Parts Stripped . | . . . . . . . . . . . . Power Chain Reactions . | . . . . . . . . . . . . Missiles Intercepted . | . . . . . . . . . . . . Alert | -11 -10 -10 -10 -9 -8 -8 -8 -7 -6 -6 -6 ------- Run | Scr Mat Min Exi Min Mat Sto Gar Fac Fac Gar Fac Peak Influence 712 | . 167 208 . . 50 55 711 373 313 631 712 Initial 373 | . . 64 . . . 20 35 373 1 212 331 Average 277 | . 126 89 . . 15 16 503 195 37 458 347 Maximum Alert Level 3 | . . 1 . . . . 3 1 1 2 3 Low Security (%) 47 | 100 100 85 . 100 100 100 11 22 90 . 48 Level 1 18 | . . 14 . . . . 16 77 9 35 3 Level 2 32 | . . . . . . . 56 . . 63 47 Level 3 2 | . . . . . . . 14 . . . . Level 4 . | . . . . . . . . . . . . Level 5 . | . . . . . . . . . . . . High Security . | . . . . . . . . . . . . Max Security . | . . . . . . . . . . . . Squads Dispatched 18 | . . . . . 1 . . 1 4 . 12 Investigation 3 | . . . . . . . . 1 . . 2 Extermination 4 | . . . . . . . . . 2 . 2 Reinforcement 5 | . . . . . . . . . 2 . 3 Assault 2 | . . . . . . . . . . . 2 Garrison 4 | . . . . . 1 . . . . . 3 Intercept . | . . . . . . . . . . . . Construction Impeded 5 | . . . . . . . . . 2 . 3 Haulers Reinforced . | . . . . . . . . . . . . Stealth | -11 -10 -10 -10 -9 -8 -8 -8 -7 -6 -6 -6 --------- Run | Scr Mat Min Exi Min Mat Sto Gar Fac Fac Gar Fac Distress Signals 4 | . 1 . . . . 1 . . . . 2 Communications Jammed . | . . . . . . . . . . . . Distress Signals . | . . . . . . . . . . . . Times Spotted 136 | . 8 14 . . 7 5 22 1 6 33 40 Peak Tracking Total 12 | . 5 5 . . 3 4 3 . 4 12 6 Tactical Retreats 11 | . . 2 . . . 1 3 . . 5 . Traps | -11 -10 -10 -10 -9 -8 -8 -8 -7 -6 -6 -6 ------- Run | Scr Mat Min Exi Min Mat Sto Gar Fac Fac Gar Fac Traps Triggered 18 | . 1 . . . . 1 8 . 1 6 1 Indirectly . | . . . . . . . . . . . . Trap Hack Attempts 2 | . . . . . . . . . 2 . . Triggered . | . . . . . . . . . . . . Disarmed . | . . . . . . . . . . . . Reprogrammed . | . . . . . . . . . . . . Reused . | . . . . . . . . . . . . Traps Extracted . | . . . . . . . . . . . . Installed . | . . . . . . . . . . . . Triggered . | . . . . . . . . . . . . Machines | -11 -10 -10 -10 -9 -8 -8 -8 -7 -6 -6 -6 ---------- Run | Scr Mat Min Exi Min Mat Sto Gar Fac Fac Gar Fac Machines Disabled 23 | . . . . . . 1 2 . 11 2 7 Max in Single Turn 11 | . . . . . . 1 1 . 11 1 2 Garrison Access 1 | . . . . . . . . . . . 1 Garrison Relay 4 | . . . . . . . 2 . . 2 . Machines Sabotaged . | . . . . . . . . . . . . Garrisons Compromised . | . . . . . . . . . . . . Overloaded Fab Kills . | . . . . . . . . . . . . Fab Network Shutdowns 1 | . . . . . . . . . . . 1 Hacking | -11 -10 -10 -10 -9 -8 -8 -8 -7 -6 -6 -6 --------- Run | Scr Mat Min Exi Min Mat Sto Gar Fac Fac Gar Fac Machines Accessed 34 | . 3 . 2 1 2 3 . 5 8 . 10 Terminals 23 | . 3 . . . 2 2 . 4 6 . 6 Fabricators 4 | . . . . . . . . . 1 . 3 Repair Stations 1 | . . . . . . . . 1 . . . Recycling Units . | . . . . . . . . . . . . Scanalyzers 1 | . . . . . . . . . . . 1 Garrison Access 2 | . . . . . . 1 . . 1 . . Total Hacks 101 | . 9 . 5 1 5 5 . 21 16 . 39 Successful 60 | . 5 . 5 1 1 3 . 12 7 . 26 Failed 41 | . 4 . . . 4 2 . 9 9 . 13 Catastrophic 3 | . . . . . . . . . 1 . 2 Database Lockouts . | . . . . . . . . . . . . Manual 43 | . 8 . 1 . 5 3 . 12 7 . 7 Terminals 59 | . 9 . . . 5 4 . 15 13 . 13 Fabricators 10 | . . . . . . . . . 2 . 8 Repair Stations 6 | . . . . . . . . 6 . . . Recycling Units . | . . . . . . . . . . . . Scanalyzers 18 | . . . . . . . . . . . 18 Garrison Access 2 | . . . . . . 1 . . 1 . . Terminal Hacks 18 | . 1 . 5 1 . 1 . 5 3 . 2 Record 4 | . . . 4 . . . . . . . . Robot Schematic 1 | . . . . . . . . . 1 . . Robot Analysis 1 | . . . . . . . . . . . 1 Prototype ID Bank 4 | . 1 . . . . . . 3 . . . Open Door 1 | . . . . 1 . . . . . . . Branch Access Points 1 | . . . . . . . . . 1 . . Unreport Threat 5 | . . . . . . 1 . 2 1 . 1 EX-Prototype ID Bank 1 | . . . 1 . . . . . . . . Fabricator Hacks 8 | . . . . . . . . . 1 . 7 Load Schematic 3 | . . . . . . . . . . . 3 Build 5 | . . . . . . . . . 1 . 4 Repair Station Hacks 5 | . . . . . . . . 5 . . . Scan Component 3 | . . . . . . . . 3 . . . Repair 2 | . . . . . . . . 2 . . . Recycling Unit Hacks . | . . . . . . . . . . . . Scanalyzer 16 | . . . . . . . . . . . 16 Insert Component 7 | . . . . . . . . . . . 7 Analyze 9 | . . . . . . . . . . . 9 Garrison Access Hacks 2 | . . . . . . 1 . . 1 . . Unlock Access 2 | . . . . . . 1 . . 1 . . Unauthorized Hacks 11 | . 4 . . . 1 1 . 2 2 . 1 Terminals 11 | . 4 . . . 1 1 . 2 2 . 1 Botnet 8 | . 3 . . . 1 1 . 2 . . 1 Detonate 1 | . . . . . . . . . 1 . . Operators 2 | . 1 . . . . . . . 1 . . Fabricators . | . . . . . . . . . . . . Repair Stations . | . . . . . . . . . . . . Recycling Units . | . . . . . . . . . . . . Scanalyzers . | . . . . . . . . . . . . Garrison Access . | . . . . . . . . . . . . Data Cores Recovered 1 | . . . . . 1 . . . . . . Used 1 | . . . . . 1 . . . . . . Hacking Detections 27 | . 3 . . . 2 2 . 5 7 . 8 Full Trace Events 3 | . . . . . . . . 1 . . 2 Feedback Events . | . . . . . . . . . . . . Feedback Blocked . | . . . . . . . . . . . . Robot Schematics Acquired 1 | . . . . . . . . . 1 . . Robots Built 2 | . . . . . . . . . . . 2 Matter 504 | . . . . . . . . . . . 504 Time 268 | . . . . . . . . . . . 268 Total Robot Build Rating 8 | . . . . . . . . . . . 8 Part Schematics Acquired 6 | . . . . . . . . . . . 6 Parts Built 1 | . . . . . . . . . 1 . . Matter 190 | . . . . . . . . . 190 . . Time 47 | . . . . . . . . . 47 . . Total Part Build Rating 5 | . . . . . . . . . 5 . . Parts Repaired 2 | . . . . . . . . 2 . . . Time 44 | . . . . . . . . 44 . . . Parts Recycled . | . . . . . . . . . . . . Recycled Matter . | . . . . . . . . . . . . Retrieved Matter . | . . . . . . . . . . . . Retrieved Components . | . . . . . . . . . . . . Parts Scanalyzed 6 | . . . . . . . . . . . 6 Part Schematics Acquired 6 | . . . . . . . . . . . 6 Parts Damaged 1 | . . . . . . . . . . . 1 Bothacking | -11 -10 -10 -10 -9 -8 -8 -8 -7 -6 -6 -6 ------------ Run | Scr Mat Min Exi Min Mat Sto Gar Fac Fac Gar Fac Used RIF Installer 2 | . . . . . . . 1 . . 1 . Command Fork 1 | . . . . . . . . . . 1 . Robots Hacked 20 | . . . . . . . . . 2 5 13 Non-combat 5 | . . . . . . . . . 2 . 3 Combat 15 | . . . . . . . . . . 5 10 Robot Hacks Applied 22 | . . . . . . . . . 2 6 14 parse_system 1 | . . . . . . . . . . . 1 map_route 4 | . . . . . . . . . 1 . 3 disrupt_area 1 | . . . . . . . . . . . 1 amplify_resonance 4 | . . . . . . . . . . 1 3 reboot_system 2 | . . . . . . . . . . . 2 go_dormant 1 | . . . . . . . . . . . 1 streamctrl_high 2 | . . . . . . . . . . 2 . formatsys_high 7 | . . . . . . . . . 1 3 3 Relay Couplers Released 18 | . . . . . . . 8 . . 8 2 Machine Destruction 18 | . . . . . . . 8 . . 8 2 Attached 12 | . . . . . . . . . 1 4 7 Robots Rewired . | . . . . . . . . . . . . Allies Hacked . | . . . . . . . . . . . . Hacks Repelled . | . . . . . . . . . . . . Allies | -11 -10 -10 -10 -9 -8 -8 -8 -7 -6 -6 -6 -------- Run | Scr Mat Min Exi Min Mat Sto Gar Fac Fac Gar Fac Total Allies 15 | . . 4 . . . . . . 1 5 5 Largest Group 3 | . . 3 3 3 1 . . . 1 2 2 Highest-Rated Group 81 | . . 40 40 40 16 . . . 26 81 76 Highest-Rated Ally 81 | . . 31 16 16 16 . . . 26 81 41 Total Orders 8 | . . . . . . . . . 1 2 5 STAY 6 | . . . . . . . . . 1 1 4 FOLLOW 2 | . . . . . . . . . . 1 1 Ally Attacks 76 | . . 13 . . 2 . . . . 24 37 Total Damage 1913 | . . 128 . . 14 . . . . 400 1371 Kills 18 | . . 4 . . . . . . . 3 11 Allies Corrupted . | . . . . . . . . . . . . Allies Melted . | . . . . . . . . . . . . Intel | -11 -10 -10 -10 -9 -8 -8 -8 -7 -6 -6 -6 ------- Run | Scr Mat Min Exi Min Mat Sto Gar Fac Fac Gar Fac Robot Analysis Total 1 | . . . . . . . . . . . 1 Derelict Logs Recovered 3 | . . 2 . 1 . . . . . . . Drone Launches . | . . . . . . . . . . . . Drone Recoveries . | . . . . . . . . . . . . Exploration | -11 -10 -10 -10 -9 -8 -8 -8 -7 -6 -6 -6 ------------- Run | Scr Mat Min Exi Min Mat Sto Gar Fac Fac Gar Fac Turns Passed 8587 | 2 396 825 468 256 323 133 1106 513 1016 1789 1760 Spaces Moved 5276 | 1 244 487 310 158 231 116 853 369 732 961 814 Core 1 | . . . . . . . . . . . 1 Treads . | . . . . . . . . . . . . Legs 2518 | 1 244 487 310 158 90 . . . . 415 813 Wheels 2757 | . . . . . 141 116 853 369 732 546 . Hover . | . . . . . . . . . . . . Flight . | . . . . . . . . . . . . Fastest Speed 100 | 120 120 150 150 150 100 100 100 110 110 110 120 Average Speed 129 | 120 134 150 150 153 119 100 104 110 110 138 151 Slowest Speed 1500 | 120 150 150 150 155 153 100 110 110 110 300 1500 Overloaded Moves . | . . . . . . . . . . . . Propulsion Burnouts . | . . . . . . . . . . . . Robots Hopped . | . . . . . . . . . . . . Cave-ins Triggered . | . . . . . . . . . . . . Exploration Rate (%) 41 | 2 42 85 64 39 23 31 79 9 18 76 29 Regions Visited 11 Branch Regions 4 Pre-discovered Areas 1 | . . . 1 . . . . . . . . Known Exits Taken 8 | . 1 1 1 1 1 1 . 1 1 . . Unknown Exits Taken 1 | 1 . . . . . . . . . . . Scrap Searched . | . . . . . . . . . . . . Spaces Dug 20 | . . . . . . 5 . 6 3 . 6 Terrain Destroyed 162 | . . . . . . 5 53 6 57 8 33 Melee 20 | . . . . . . 5 . 6 3 . 6 Projectile 7 | . . . . . . . . . 1 2 4 AOE 135 | . . . . . . . 53 . 53 6 23 Terrain Rammed . | . . . . . . . . . . . . Walls Destroyed . | . . . . . . . . . . . . Machines Disabled . | . . . . . . . . . . . . Actions | -11 -10 -10 -10 -9 -8 -8 -8 -7 -6 -6 -6 --------- Run | Scr Mat Min Exi Min Mat Sto Gar Fac Fac Gar Fac Total 6688 | 4 281 550 315 173 275 124 1002 459 931 1319 1255 Wait 726 | . 2 24 . . 2 2 7 64 145 194 286 Move 5266 | . 243 486 309 157 230 116 852 368 731 960 814 Hop . | . . . . . . . . . . . . Pick Up 91 | . 7 2 3 4 6 . 16 5 10 18 20 Fast Attach 38 | . 1 . . 1 8 . 4 3 3 12 6 Attach 16 | . . . . . 3 . . 1 1 8 3 Detach 12 | . . . . . 2 . 1 . 2 2 5 Swap 81 | . 3 8 1 4 6 . 11 3 9 10 26 Drop 94 | 4 4 8 2 7 15 . 10 4 10 11 19 Fire 207 | . 21 22 . . 2 . 36 . 5 53 68 Melee 44 | . . . . . 1 6 1 11 5 13 7 Ram . | . . . . . . . . . . . . Kick . | . . . . . . . . . . . . Crush . | . . . . . . . . . . . . Escape Stasis 109 | . . . . . . . 64 . 8 37 . Rewire 2 | . . . . . . . . . . 1 1 Trap 2 | . . . . . . . . . 2 . . Miscellaneous . | . . . . . . . . . . . . Route ------- -11/Scrapyard -10/Materials (discovered 2 exits: *Mat / *Min) -10/Mines (discovered 2 exits: *Mat / *Exi) -10/Exiles (discovered 2 exits: *Min x2) -9/Mines -8/Materials (discovered 3 exits: *Fac x2 / *Sto) -8/Storage -8/Garrison (discovered 3 exits: *Fac x3) -7/Factory -6/Factory (discovered 3 exits: Low x2 / Gar) -6/Garrison (discovered 3 exits: *Fac x3) -6/Factory History --------- Turn | Location | Event 3 | -11/Scrapyard | Discovered new exit (range 0) 3 | -11/Scrapyard | Entered Materials 304 | -10/Materials | Build established: Mutant 317 | -10/Materials | Discovered new exit (range 16) 339 | -10/Materials | Identified exit to Materials 363 | -10/Materials | Discovered new exit (range 15) 398 | -10/Materials | Identified exit to Mines 399 | -10/Materials | Entered Mines 402 | -10/Mines | Received a Mining Laser from a helpful Derelict 718 | -10/Mines | Learned Materials stockpile data 723 | -10/Mines | Learned Materials stockpile data 799 | -10/Mines | Assisted by bots powering up and referring to "LRC-V3" 847 | -10/Mines | Build established: Scavenger-Mutant 901 | -10/Mines | Discovered exit to Materials (range 14) 1211 | -10/Mines | Deemed a non-threat by the Exiles lab entrance 1211 | -10/Mines | Discovered new exit (range 5) 1217 | -10/Mines | Identified exit to Exiles 1224 | -10/Mines | Entered Exiles 1224 | -10/Exiles | Accompanied by 3 allies 1247 | -10/Exiles | Discovered new exit (range 15) 1265 | -10/Exiles | Met 8R-AWN 1286 | -10/Exiles | Met EX-HEX 1331 | -10/Exiles | Met EX-BIN 1389 | -10/Exiles | Met EX-DEC 1394 | -10/Exiles | Learned location of Zion (-6) 1445 | -10/Exiles | Aligned with FarCom system 1446 | -10/Exiles | Given EX-Vault access code 1482 | -10/Exiles | Opened EX-Vault 1497 | -10/Exiles | Found Lightpack 2.0 1529 | -10/Exiles | Warned to stay clear of 0b10 Research branches 1680 | -10/Exiles | Discovered new exit (range 10) 1691 | -10/Exiles | Identified exit to Mines 1692 | -10/Exiles | Left Exiles lab with Lightpack 2.0 1692 | -10/Exiles | Entered Mines 1692 | -9/Mines | Accompanied by 3 allies 1732 | -9/Mines | Met a Derelict who couldn't figure out how to use a Trap Extractor 1875 | -9/Mines | Learned 2 Materials zone layouts 1931 | -9/Mines | Discovered new exit (range 8) 1945 | -9/Mines | Identified exit to Materials 1948 | -9/Mines | Entered Materials 1948 | -8/Materials | Accompanied by 1 ally 1948 | -8/Materials | Evolved 4 slots: Propulsion x2, Utility x2 1949 | -8/Materials | Identified exit to Factory 1999 | -8/Materials | Garrison activated, responded to threat 2162 | -8/Materials | Discovered new exit (range 15) 2175 | -8/Materials | Discovered exit to Factory (range 5) 2270 | -8/Materials | Identified exit to Storage 2271 | -8/Materials | Entered Storage 2404 | -8/Storage | Identified exit to Garrison 2404 | -8/Storage | Entered Garrison 2424 | -8/Garrison | Triggered checkpoint 2572 | -8/Garrison | Triggered checkpoint 2650 | -8/Garrison | Discovered exit to Factory (range 15) 2732 | -8/Garrison | Triggered checkpoint 2821 | -8/Garrison | Discovered exit to Factory (range 9) 2884 | -8/Garrison | Build established: Skirmisher 2972 | -8/Garrison | Discovered exit to Factory (range 14) 2994 | -8/Garrison | Installed Relay Interface Framework 3030 | -8/Garrison | Triggered checkpoint 3049 | -8/Garrison | Garrison Relay disabled 3346 | -8/Garrison | Build established: Hauler-Mutant 3346 | -8/Garrison | Garrison Relay disabled 3510 | -8/Garrison | Entered Factory 3510 | -7/Factory | Evolved 2 slots: Utility x2 3745 | -7/Factory | Repaired Arm. Huge Wheel 3768 | -7/Factory | Repaired Arm. Huge Wheel 3811 | -7/Factory | Discovered new exit (range 15) 3837 | -7/Factory | Identified exit to Factory 3926 | -7/Factory | Build established: Hauler-Assassin 4023 | -7/Factory | Entered another Factory area 4023 | -6/Factory | Evolved 2 slots: Power x1, Utility x1 4350 | -6/Factory | Identified exit to Lower Caves 4361 | -6/Factory | Build established: Bothacker-Assassin 4457 | -6/Factory | Fabricated Adv. ECM Suite (x1) 5032 | -6/Factory | Identified exit to Garrison 5039 | -6/Factory | Entered Garrison 5085 | -6/Garrison | Triggered checkpoint 5146 | -6/Garrison | Garrison Relay disabled 5172 | -6/Garrison | Triggered checkpoint 5427 | -6/Garrison | Spotted B-75 Beast 5572 | -6/Garrison | Hijacked Beast 5a control node with streamctrl_high 5645 | -6/Garrison | Triggered checkpoint 5689 | -6/Garrison | Lost 7 parts (2n1u4w) 5862 | -6/Garrison | Discovered new exit (range 10) 5936 | -6/Garrison | Triggered checkpoint 5946 | -6/Garrison | Build established: Hauler-Mutant 5976 | -6/Garrison | Garrison Relay disabled 6271 | -6/Garrison | Build established: Scavenger-Mutant 6618 | -6/Garrison | Discovered new exit (range 14) 6781 | -6/Garrison | Discovered new exit (range 15) 6799 | -6/Garrison | Core integrity fell below 50% 6822 | -6/Garrison | Expanded RIF knowledge: Command Fork 6828 | -6/Garrison | Entered Factory 7341 | -6/Factory | Fabricated P-60 Hacker (x2) 7711 | -6/Factory | Build established: Bothacker-Mutant 7744 | -6/Factory | Local fabrication network quarantined 8228 | -6/Factory | First assault squad dispatched 8355 | -6/Factory | Garrison activated, responded to threat 8560 | -6/Factory | Core integrity fell below 20% 8579 | -6/Factory | Spotted B-75 Beast 8588 | -6/Factory | Destroyed by Y-54 Guardian with Gatling Laser Last Messages --------------- 08550_ U-05 Engineer destroyed. 08551_ The unstable cave ceiling collapses. 08554_ K-01 Serf collects debris. 08555_ Jacked Y-54 Guardian... >>go_dormant Shutting down primary systems. 08559_ K-01 Serf collects debris. 08563_ Angular Momentum Engine destroyed. 08564_ K-01 Serf collects debris. 08566_ The unstable cave ceiling collapses. 08567_ K-01 Serf collects debris. 08568_ System corrupted: Matter fused (-7). 08568_ The unstable cave ceiling collapses. 08568_ Y-54 Guardian springs to life. 08570_ K-01 Serf collects debris. 08571_ Imp. Cooling System destroyed. 08571_ Dropped Hcp. Storage Unit. 08574_ K-01 Serf collects debris. 08576_ Slug penetrates Power Conduit. 08578_ K-01 Serf collects debris. Map ----- +----------------------------------------------------+ | ??+ " " ########????????????????????????? | | ??###### " " #############?????????????????? | | ???????# " " # %=%"""""" #?????????????????? | | ???????# " " % % % """""" #?????????????????? | | ???????# % """""" #?????????????????? | | ??????## """""" #?????????????????? | | ?????? + % # #?????????????????? | | ???????# ^ #?????????????????? | | ???????# % ! = #?????????????????? | | ???????# =# #########?????????????????? | | ???? ]# = #???????????????????? | | ??????# Y ! ?#???????????????????? | | ?????## #???????????????????? | | ??? /!! [[* ]#???????????????????? | | ??? k !!! ! [[ #??????????????????? | | ??? / # [* !#???????????????????? | | ?????+## # ?? #???????????????????? | | ??? # ??????#???????????????????? | | ??? # # ??????????????????????????? | | ?????""""" ?# ##Y####??????????????????????? | | ????????"???# #??????????????????????? | | ????????????# #??????????????????????? | | ????????????# *!= #??????????????????????? | | ????????????# *!= #??????????????????????? | | ????????????# *= " #??????????????????????? | | ????????????## " @#??????????????????????? | | ?????????????# !!! " #??????????????????????? | | ?????????????# !! " ??????????????????????? | | ?????????????# !!^ " ?????????????????????? | | ?????????????# " ????????????????????? | | ?????????????# " ???????????????????? | | ????????????BB " ??????????????????? | | ????????????BB " ####+##?????????????????? | | ???????????### #???????????????????????? | | ?????????????# #???????????????????????? | | ??????????????? """ #???????????????????????? | | ?????????????????? g ????????????????????????? | | ????????????????????g ????????????????????????? | | ????????????????????? ????????????????????????? | | ????????????????????? ????????????????????????? | | ??????????????????????? ?????????????????????????? | | ?????????????????????????????????????????????????? | | ?????????????????????????????????????????????????? | | ?????????????????????????????????????????????????? | | ?????????????????????????????????????????????????? | | ?????????????????????????????????????????????????? | | ?????????????????????????????????????????????????? | | ?????????????????????????????????????????????????? | | ?????????????????????????????????????????????????? | | ?????????????????????????????????????????????????? | +----------------------------------------------------+ Best States ------------- Heat Dissipation 64 Energy Generation 37 Energy Capacity 370 Matter Stores 300 Matter Capacity 300 Sight Range 18 Terrain Scan Range 20 Terrain Scan Density 85 Cloak Strength 2 Armor Coverage 225 Resistance: KI 30 Evasion (%) 40 Offensive Hacking 20 Defensive Hacking 12 Relay Coupler Types 68 Relay Coupler Value 4 Item Schematics ----------------- Powered Hammer | -6/Factory | Scanalyzed Angular Momentum Engine | -6/Factory | Scanalyzed Adv. ECM Suite | -6/Factory | Scanalyzed Imp. Transmission Jammer | -6/Factory | Scanalyzed Imp. Spread Laser | -6/Factory | Scanalyzed Hvy. Machine Gun | -6/Factory | Scanalyzed Robot Schematics ------------------ P-60 Hacker | -6/Factory | Hacked Fabricated ------------ Adv. ECM Suite | x1 | -6/Factory | Preloaded P-60 Hacker | x2 | -6/Factory Alien Tech Used ----------------- None Achievements -------------- None Challenges ------------ None Game ------ Seed StealthBombardmentCleaver Manual? 0 Play Time 01:15:27 Cumulative 322.0 hours Start 2021.04.10 @ 20:04:42 End 2021.06.13 @ 17:56:48 Sessions 5 Manual Loads 0 Difficulty Rogue Special Mode None Game No. 458 Rogue 457 Adventurer 0 Explorer 1 Win Type - Total 2 Types 2/0/0/0/0/0/0/0/0 Lore% 71 Gallery% 84 Achievement% 60 Wizard Run 0 Options --------- ASCII 1 Keyboard 1 Movement Vi Keybinds 0 Fullscreen 2 Font 14/Cog Map View 72x54 Tactical HUD 1 Map Filters NONE Filters LOW_CONTRAST(13,24,33) Steam 0 RUN: 87f8ebb6-d30e-4c88-a4a9-d819386254ad